 Dungeon Crawl Stone Soup version 0.30.1-4-g462c640d31 (webtiles) character file.

Game seed: 14861786038798813333

132589 hilljack the Summoner (level 17, -8/82 HPs)
             Began as a Gargoyle Earth Elementalist on Aug 14, 2023.
             Was a High Priest of Hepliaklqana.
             Mangled by a broodmother (25 damage)
             ... on level 3 of the Spider Nest on Aug 15, 2023.
             The game lasted 02:41:05 (48267 turns).

hilljack the Summoner (GrEE)                       Turns: 48267, Time: 02:41:06

Health: -8/82      AC: 24    Str: 14      XL:     17   Next: 12%
Magic:  25/31      EV: 14    Int: 32 (33) God:    Hepliaklqana [*****.]
Gold:   1694       SH:  5    Dex: 11 (13) Spells: 16/36 levels left

rFire   + + .        f - +3 dagger (venom)
rCold   + + .        p - +0 buckler {rF+}
rNeg    + . .        S - +0 leather armour {rC+ rF+}
rPois   ∞            v - +1 helmet {SInv}
rElec   +            M - +1 cloak {rC+}
rCorr   .            O - +1 pair of gloves
SInv    +            (no boots)
Will    +....        o - amulet of regeneration
Stlth   ++           e - +6 ring of intelligence
HPRegen 1.93/turn    V - +6 ring of intelligence
MPRegen 0.22/turn

%: no passive effects
@: flying
A: reduced essence, sickness immunity, AC +12, big wings, negative energy
resistance 1, electricity resistance, torment resistance 1, petrification
resistance, clever 1, regeneration 1, wild magic 1, MP-powered wands
a: Renounce Religion, Recall Ancestor, Ancestor Identity, Transference, Idealise


You were on level 3 of the Spider Nest.
You worshipped Hepliaklqana.
Hepliaklqana was extremely pleased with you.
You visited 4 branches of the dungeon, and saw 26 of its levels.
You also visited: Ossuary, Bailey, Ice Cave and Volcano.

You collected 2923 gold pieces.
You spent 1229 gold pieces at shops.

Inventory:

Hand Weapons
 f - a +3 dagger of venom (weapon)
Missiles
 U - 3 throwing nets
Armour
 h - a +0 troll leather armour
 p - a +0 buckler of fire resistance (worn)
 v - a +1 helmet of see invisible (worn)
 M - a +1 cloak of cold resistance (worn)
 O - a +1 pair of gloves (worn)
 S - a +0 leather armour of resistance (worn)
Jewellery
 e - a +6 ring of intelligence (left hand)
 l - a ring of protection from cold
 o - an amulet of regeneration (around neck)
 u - a ring of protection from cold
 x - the ring of Impatience {Fly rPois Dex-5 Slay+4 SInv}
   (You found it on level 6 of the Dungeon)

   [ring of slaying]

   Dex:       It affects your dexterity (-5).
   Slay:      It affects your accuracy & damage with ranged weapons and melee
   (+4).
   rPois:     It protects you from poison.
   SInv:      It lets you see invisible.
   Fly:       It grants you flight.
 E - a +6 ring of dexterity
 V - a +6 ring of intelligence (right hand)
Wands
 n - a wand of roots (36)
 q - a wand of polymorph (7)
 y - a wand of digging (8)
 z - a wand of mindburst (29)
 I - a wand of flame (13)
 N - a wand of quicksilver (8)
Scrolls
 i - 6 scrolls of fog
 k - 7 scrolls of teleportation
 r - 5 scrolls of magic mapping
 t - 2 scrolls of silence
 A - 8 scrolls of vulnerability
 D - a scroll of blinking
 K - 2 scrolls of enchant weapon
 L - 8 scrolls of identify
 P - 2 scrolls of summoning
 R - 5 scrolls of immolation
 T - a scroll of torment
Potions
 b - 2 potions of magic
 c - 2 potions of heal wounds
 d - 5 potions of cancellation
 j - 3 potions of attraction
 m - 20 potions of curing
 w - 3 potions of invisibility
 B - 2 potions of lignification
 F - 2 potions of resistance
 G - 3 potions of brilliance
 H - 6 potions of mutation
 J - 5 potions of might
 Q - 2 potions of haste
 W - a potion of berserk rage
Miscellaneous
 a - a box of beasts
 s - a phantom mirror
 C - a phial of floods
 X - a lightning rod (4/4)
 Y - a tin of tremorstones (2/2)


   Skills:
 - Level 5.0 Fighting
 - Level 5.0 Short Blades
 - Level 10.0 Armour
 - Level 10.0 Dodging
 - Level 5.0 Stealth
 - Level 6.0 Shields
 - Level 10.0 Spellcasting
 - Level 8.0 Conjurations
 + Level 14.9 Summonings
 - Level 5.0 Transmutations
 - Level 5.0 Ice Magic
 - Level 8.0 Earth Magic
 - Level 8.0 Invocations
 - Level 8.0 Evocations


You had 16 spell levels left.
You knew the following spells:

 Your Spells              Type           Power      Damage    Failure   Level
a - Petrify               Tmut/Erth      66%        N/A       5%          4
b - Stone Arrow           Conj/Erth      100%       3d13      1%          3
c - Summon Ice Beast      Ice/Summ       81%        N/A       1%          4
d - Summon Hydra          Summ           49%        N/A       13%         7
e - Passwall              Tmut/Erth      55%        N/A       1%          2

Your spell library contained the following spells:

 Spells                   Type           Power      Damage    Failure   Level
 Kiss of Death            Conj/Necr      100%       2d13      1%          1
 Sandblast                Erth           100%       2d20      1%          1
 Wereblood                Tmut           58%        N/A       1%          2
 Call Canine Familiar     Summ           98%        N/A       1%          3
 Momentum Strike          Conj/Tloc      100%       3d10      2%          2
 Hailstorm                Conj/Ice       66%        3d14      2%          3
 Summon Cactus Giant      Summ           49%        N/A       3%          6
 Dazzling Flash           Conj/Hex       100%       N/A       4%          3
 Apportation              Tloc           40%        N/A       8%          1
 Necrotise                Necr           80%        1d8       8%          1
 Ice Form                 Ice/Tmut       58%        N/A       10%         4
 Summon Forest            Summ/Tloc      35%        N/A       10%         5
 Blink                    Tloc           40%        N/A       11%         2
 Lesser Beckoning         Tloc           40%        N/A       11%         2
 Scorch                   Fire           40%        2d7       11%         2
 Flame Wave               Conj/Fire      52%        2d13      13%         4
 Iskenderun's Mystic Bla  Conj/Tloc      52%        2d11      13%         4
 Leda's Liquefaction      Hex/Erth       26%        N/A       13%         4
 Gell's Gravitas          Tloc           20%        N/A       21%         3
 Inner Flame              Hex/Fire       20%        N/A       21%         3
 Portal Projectile        Hex/Tloc       40%        N/A       21%         3
 Teleport Other           Tloc           20%        N/A       21%         3
 Tukima's Dance           Hex            20%        N/A       21%         3
 Vampiric Draining        Necr           20%        2d7       21%         3
 Volatile Blastmotes      Fire/Tloc      40%        2d13      21%         3
 Blade Hands              Tmut           29%        N/A       24%         5
 Anguish                  Hex/Necr       10%        N/A       52%         4
 Cause Fear               Hex            10%        N/A       52%         4
 Alistair's Intoxication  Tmut/Pois      27%        N/A       52%         5
 Yara's Violent Unravell  Hex/Tmut       20%        3d9       52%         5
 Agony                    Necr           20%        N/A       85%         5
 Starburst                Conj/Fire      26%        6d8       86%         6
 Simulacrum               Ice/Necr       20%        N/A       97%         6
 Dragon Form              Tmut           29%        N/A       99%         7
 Dispersal                Tloc           10%        N/A       100%        6
 Enfeeble                 Hex            10%        N/A       100%        7
 Dragon's Call            Summ           49%        N/A       100%        9
 Sublimation of Blood     Necr           Unusable   N/A       N/A         2

Dungeon Overview and Level Annotations

Branches:
Dungeon (15/15)            Temple (0/1) D:6            Lair (5/5) D:9
 Shoals (0/4) Lair:2       Spider (4/4) Lair:2        Slime (0/5) Lair:5
    Orc (2/2) D:10            Elf (0/3) Orc:2        Vaults (0/5) D:13
 Depths (0/4) D:15        Ossuary (visited)          Bailey (visited)
  IceCv (visited)         Volcano (visited)

Altars:
Gozag
Hepliaklqana
Kikubaaqudgha
Makhleb
Nemelex Xobeh
Ru
Trog
Uskayaw
Xom
Yredelemnul
Zin
The Shining One
Jiyva

Shops:
D:2 (   D:6 [:*   D:14 ?   Orc:2 ([[?

Portals:
Hell: Lair:5

Annotations:
D:10 3 runed translucent doors, tal's ghost, journeyman MiFi
Lair:1 3 runed translucent doors, mrw3rdna's ghost, journeyman DsGl
Lair:5 3 runed translucent doors, exclusion: 4 oklob plants, riellis1's ghost, journeyman DgGl


Innate Abilities, Weirdness & Mutations

Your life essence is reduced to manifest your ancestor. (-10% HP)
You are immune to sickness and miasma.
Your stone body is resilient. (AC +12)
You are immune to poison.
Your large and strong wings let you fly.
You resist negative energy. (rN+)
You are resistant to electric shocks. (rElec)
You are resistant to unholy torment.
You are immune to petrification.
Your mind is acute. (Int +4, Str/Dex -1)
Your natural rate of healing is unusually fast.
Your spells are a little harder to cast, but a little more powerful.
You expend magic power (3 MP) to strengthen your wands.


Message History

Shunnar burns the broodmother.
The broodmother summons spiders!
You block the wolf spider's attack.
The wolf spider bites you but does no damage.
The jumping spider pounces on you but does no damage.
The jumping spider bites you but does no damage.
You hit the broodmother.
The broodmother looks as sick as possible!
The broodmother is severely wounded.
The wolf spider hits you but does no damage.
The wolf spider completely misses you. The jumping spider misses you.
The jumping spider completely misses you.
The culicivora bites Shunnar!
The broodmother bites you but does no damage.
Shunnar blocks the wolf spider's attack. x2
The helpless demonic crawler fails to defend itself.
You impale the demonic crawler!!
The demonic crawler is lightly wounded.
The wolf spider completely misses you. The wolf spider bites you.
* * * LOW HITPOINT WARNING * * *
The jumping spider leaps!
The culicivora closely misses Shunnar.
Shunnar completely misses the culicivora.
Shunnar hits the wolf spider with a +0 broad axe of flaming!
Shunnar burns the wolf spider.
Shunnar hits the culicivora with a +0 broad axe of flaming!
Shunnar burns the culicivora.
Shunnar hits the broodmother with a +0 broad axe of flaming!
Shunnar burns the broodmother.
The culicivora bites Shunnar!
Shunnar blocks the wolf spider's attack. x2
The broodmother closely misses Shunnar.
The helpless demonic crawler fails to defend itself.
You impale the demonic crawler!!
The demonic crawler is moderately wounded.
The wolf spider barely misses you. You block the wolf spider's attack.
The wolf spider is healed somewhat.
The wolf spider hits Shunnar!
The wolf spider bites Shunnar but does no damage.
The culicivora bites Shunnar!
Shunnar is destroyed!
The wolf spider hits you but does no damage.
The wolf spider closely misses you. The broodmother bites you!!
You die...

.........##.##~...#≈...#.#
.......###..#.##.####~.###
......#...s......#.#≈≈≈#
##..................####
.#.................##
..>...#........#~####
....###|.......#...≈#
......#.....#..○†s..#
......##..#.#..s@s###
^..#...##.###.s##.s.##
...#.....<.#.....ss.^#
...#)......#.......###
...##.#^#.##........#
......######.#..#..##
.#.....#...###..#.##
.#~...##.......####
..#..............#


You could see a broodmother (extremely poisoned), a demonic crawler (petrified),
2 wolf spiders, 2 culicivoras, a jumping spider (summoned) and a tarantella
(summoned).

Vanquished Creatures
  Jorgrun (D:13)
  An orc warlord (Orc:2)
  An ironbound preserver (D:13)
  2 spark wasps
  Josephine (D:14)
  An ettin (D:15)
  3 entropy weavers
  Fannar (D:11)
  4 hydras
  An ogre mage (D:15)
  5 centaur warriors
  6 two-headed ogres
  A catoblepas (D:13)
  5 boulder beetles
  2 death yaks (Lair:4)
  2 tengu warriors
  A skyshark (Lair:5)
  Sonja (D:13)
  A fire crab (Volcano)
  3 skeletal warriors (D:14)
  3 pharaoh ants
  5 orb spiders
  A deep troll (D:14)
  A wizard (D:15)
  2 bog bodies (IceCv)
  A necromancer (D:15)
  3 orc knights (Bailey)
  2 orc sorcerers (Orc:2)
  10 steelbarb worms
  A lindwurm (Volcano)
  2 deep elf pyromancers (D:13)
  7 wolf spiders
  5 ugly things
  3 cyclopes
  2 manticores
  A nameless horror (Spider:3)
  An ice statue (IceCv)
  A water nymph (Lair:2)
  4 demonic crawlers
  9 elephants
  4 black mambas
  5 slime creatures (D:12)
  5 torpor snails
  Maggie (D:10)
  9 cane toads
  8 komodo dragons
  2 unseen horrors
  2 rime drakes
  A kobold demonologist (D:13)
  2 anaconda simulacra (IceCv)
  8 trolls
  A polar bear (Lair:3)
  6 tarantellas
  9 blink frogs
  A tarantella (shapeshifter) (D:15)
  19 jumping spiders
  6 culicivoras
  A shadow (D:10)
  6 water elementals (D:14)
  5 wyverns
  A spriggan (Lair:3)
  2 vampires
  4 wraiths (D:14)
  3 fire bats (Volcano)
  27 yaks
  4 vampire mosquitoes
  A death yak simulacrum (IceCv)
  40 redbacks
  2 steam dragons
  4 basilisks
  2 wargs (Orc:2)
  A harpy simulacrum (IceCv)
  An acid dragon (D:8)
  11 water moccasins
  A hydra simulacrum (IceCv)
  19 orc warriors
  A sky beast (D:7)
  25 wolves
  7 ogres
  10 centaurs
  2 phantoms
  2 kobold brigands (D:13)
  3 bullfrogs
  2 gnoll sergeants
  6 earth elementals (D:13)
  3 scorpions
  A wyvern zombie (Ossuary)
  A water moccasin zombie (Ossuary)
  A cane toad simulacrum (IceCv)
  3 two-headed ogre simulacra (IceCv)
  2 wights (D:9)
  An elephant simulacrum (IceCv)
  4 killer bees (D:10)
  8 howler monkeys
  An electric eel (Spider:3)
  4 bullfrog zombies (Ossuary)
  3 centaur zombies (Ossuary)
  A jelly (D:5)
  A gnoll bouda (D:7)
  2 hounds
  5 orc priests
  2 iguanas
  11 orc wizards
  3 troll simulacra (IceCv)
  3 spriggan simulacra (IceCv)
  4 killer bee zombies (Ossuary)
  2 polar bear simulacra (IceCv)
  3 howler monkey zombies (Ossuary)
  13 mummies (Ossuary)
  9 gnolls
  13 adders
  5 naga simulacra (IceCv)
  2 white imps
  2 ufetubi (IceCv)
  3 worms
  4 dart slugs
  41 orcs
  9 endoplasms
  2 giant cockroaches (D:2)
  5 goblins
  9 hobgoblins
  4 jackals (D:4)
  5 quokkas
  2 ball pythons
  5 bats
  2 frilled lizards (D:2)
  21 kobolds
  7 rats
621 creatures vanquished.

Vanquished Creatures (collateral kills)
  A ghost moth (Spider:3)
  3 entropy weavers
  3 jorogumos
  A centaur warrior (D:13)
  3 two-headed ogres
  3 death yaks (Lair:4)
  A skyshark (Lair:2)
  A sun moth (Spider:3)
  2 pharaoh ants
  A cyclops (D:13)
  A deep elf pyromancer (D:13)
  A nameless horror (Spider:4)
  5 wolf spiders
  2 orc sorcerers (Orc:2)
  2 elephants (Lair:5)
  A moth of wrath (D:12)
  3 ugly things
  Maurice (D:13)
  3 cane toads
  4 torpor snails
  A tengu conjurer (D:14)
  2 ice devils (Lair:1)
  2 kobold demonologists
  A troll (Orc:2)
  7 tarantellas
  A polar bear (Lair:5)
  8 blink frogs
  A dream sheep (Lair:5)
  7 jumping spiders
  6 culicivoras
  A vampire (D:13)
  A wyvern (D:11)
  2 spriggans (Lair:3)
  10 yaks
  A fire bat (Volcano)
  2 steam dragons
  31 redbacks
  3 vampire mosquitoes
  A harpy simulacrum (IceCv)
  5 water moccasins
  An acid dragon (D:10)
  A hydra simulacrum (IceCv)
  A hell hound (Volcano)
  8 orc warriors
  An ice beast (D:7)
  10 wolves
  2 ogres
  2 centaurs
  6 kobold brigands
  4 bullfrogs
  A two-headed ogre simulacrum (IceCv)
  A wight (D:9)
  An earth elemental (D:13)
  2 killer bees (D:10)
  2 electric eels
  An elephant simulacrum (IceCv)
  3 howler monkeys
  11 orc priests
  14 orc wizards
  3 polar bear simulacra (IceCv)
  A spriggan simulacrum (IceCv)
  3 troll simulacra (IceCv)
  2 wolf simulacra (IceCv)
  2 gnolls (D:11)
  A naga simulacrum (IceCv)
  4 white imps (IceCv)
  3 ufetubi (IceCv)
  A worm (D:12)
  43 orcs
  2 bats (Orc:1)
  2 goblins (D:7)
  8 kobolds
  4 rats (D:12)
286 creatures vanquished.

Vanquished Creatures (others)
  22 knights
  An ancestor (D:6)
23 creatures vanquished.

Grand Total: 930 creatures vanquished

Notes
Turn   | Place    | Note
-------+----------+-------------------------------------------
     0 | D:1      | hilljack the Gargoyle Earth Elementalist began the quest
                  | for the Orb.
     0 | D:1      | Reached XP level 1. HP: 10/10 MP: 3/3
   122 | D:1      | Reached XP level 2. HP: 15/15 MP: 0/5
   184 | D:1      | Learned a level 2 spell: Passwall
   996 | D:2      | Reached skill level 5 in Earth Magic
   996 | D:2      | Reached XP level 3. HP: 19/19 MP: 3/6
  1097 | D:2      | Found Reinegg's Antique Weapon Shoppe.
  1370 | D:2      | Identified the +5 robe of Dekhys {+Blink +Inv rF- rCorr}
  1868 | D:2      | Reached XP level 4. HP: 24/24 MP: 4/7
  2863 | D:4      | Found a hazy altar of Hepliaklqana.
  2866 | D:4      | Reached XP level 5. HP: 28/28 MP: 6/8
  2996 | D:4      | Noticed a phantom
  3003 | D:4      | Killed a phantom
  3046 | D:4      | Learned a level 3 spell: Stone Arrow
  3346 | D:4      | Reached XP level 6. HP: 31/32 MP: 4/9
  3613 | D:4      | Reached skill level 1 in Conjurations
  3919 | D:4      | Reached XP level 7. HP: 36/36 MP: 1/11
  4331 | D:4      | Became a worshipper of Hepliaklqana the Forgotten
  4347 | D:4      | Learned a level 4 spell: Petrify
  4645 | D:4      | Reached skill level 1 in Transmutations
  4792 | D:5      | Entered Level 5 of the Dungeon
  4906 | D:5      | Found a sand-covered staircase.
  4910 | Ossuary  | Entered an ossuary
  5519 | Ossuary  | Reached XP level 8. HP: 29/41 MP: 3/14
  5535 | Ossuary  | Reached skill level 1 in Fighting
  5537 | Ossuary  | Reached skill level 1 in Short Blades
  5549 | Ossuary  | Gained mutation: You are covered in fur. (AC +1) [potion of
                  | mutation]
  5549 | Ossuary  | Gained mutation: Your mind is acute. (Int +4, Str/Dex -1)
                  | [potion of mutation]
  5683 | Ossuary  | Found the dreamshard necklace {*Dream Drain}
  6364 | D:5      | Found an ancient bone altar of Kikubaaqudgha.
  6583 | D:5      | Reached * piety under Hepliaklqana
  6792 | D:6      | Found Lyoph's Book Emporium.
  6795 | D:6      | Got Kaesm's Quarto of Hypothermia and the Geodesic
  6927 | D:6      | Found Iwaijar's Antique Armour Boutique.
  6936 | D:6      | Reached XP level 9. HP: 46/46 MP: 2/15
  7049 | D:6      | Identified the ring of Impatience {Fly rPois Dex-5 Slay+4
                  | SInv}
  7186 | D:6      | Found a staircase to the Ecumenical Temple.
  7190 | D:6      | Reached skill level 5 in Fighting
  7782 | D:6      | Found Giepyjus's Assorted Antiques.
  8052 | D:7      | Reached ** piety under Hepliaklqana
  8053 | D:7      | Remembered your ancestor Shunnar as a knight
  8191 | D:7      | Found a glowing golden altar of the Shining One.
  8318 | D:7      | Reached skill level 5 in Stealth
  8347 | D:7      | Found a sparkling altar of Nemelex Xobeh.
  8360 | D:7      | Found a flagged portal.
  8392 | D:7      | Reached skill level 5 in Short Blades
  8400 | Bailey   | Entered a bailey
  8473 | Bailey   | Noticed an orc knight
  8627 | Bailey   | Noticed an orc knight
  8796 | Bailey   | Noticed an orc knight
  8930 | Bailey   | Reached skill level 5 in Conjurations
  9189 | Bailey   | Killed an orc knight
  9190 | Bailey   | Reached skill level 5 in Spellcasting
  9351 | Bailey   | Killed an orc knight
  9352 | Bailey   | Reached XP level 10. HP: 53/53 MP: 5/17
  9467 | Bailey   | Killed an orc knight
  9869 | D:6      | Bought a scroll of identify for 48 gold pieces
  9869 | D:6      | Bought a scroll of identify for 48 gold pieces
 10025 | D:7      | Reached skill level 5 in Transmutations
 10067 | D:7      | Got the Elucidation of the Vanishing Eyes
 10179 | D:7      | Found a sacrificial altar of Ru.
 10187 | D:7      | Found a hide-covered altar of Uskayaw.
 10348 | D:7      | Found a shimmering altar of Xom.
 10348 | D:7      | Found a glowing silver altar of Zin.
 10349 | D:7      | Found a bloodstained altar of Trog.
 10353 | D:7      | Found a basalt altar of Yredelemnul.
 10850 | D:8      | Reached skill level 1 in Invocations
 10853 | D:8      | Reached skill level 1 in Armour
 10853 | D:8      | Reached skill level 1 in Evocations
 11165 | D:8      | Reached skill level 1 in Shields
 12188 | D:9      | Found a staircase to the Lair.
 12481 | D:9      | Noticed an unseen horror
 12490 | D:9      | Killed an unseen horror
 12491 | D:9      | Reached skill level 5 in Shields
 12549 | D:9      | Reached *** piety under Hepliaklqana
 12579 | D:9      | Found a burning altar of Makhleb.
 13198 | D:10     | Entered Level 10 of the Dungeon
 13528 | D:10     | Noticed a two-headed ogre
 13529 | D:10     | Noticed Maggie
 13529 | D:10     | Noticed tal's ghost (journeyman MiFi)
 13532 | D:10     | Noticed a white ugly thing
 13539 | D:10     | Killed Maggie
 13540 | D:10     | Reached XP level 11. HP: 56/56 MP: 2/18
 13637 | D:10     | Found a runed translucent gate.
 13637 | D:10     | Found a runed translucent gate.
 13637 | D:10     | Found a runed translucent gate.
 14073 | D:10     | Found a staircase to the Orcish Mines.
 14213 | D:10     | Noticed a two-headed ogre
 14696 | D:10     | Reached **** piety under Hepliaklqana
 14724 | D:10     | Killed a two-headed ogre
 14849 | Lair:1   | Entered Level 1 of the Lair of Beasts
 14864 | Lair:1   | HP: 2/56 [cane toad (18)]
 15099 | Lair:1   | Found a runed translucent gate.
 15102 | Lair:1   | Found a runed translucent gate.
 15184 | Lair:1   | Reached skill level 5 in Invocations
 15344 | Lair:1   | Found a frozen archway.
 15394 | IceCv    | Entered an ice cave
 17112 | IceCv    | Reached skill level 5 in Evocations
 17115 | IceCv    | Reached skill level 5 in Dodging
 17501 | IceCv    | Noticed a bog body
 17501 | IceCv    | Noticed a bog body
 17677 | IceCv    | Killed a bog body
 17678 | IceCv    | Reached XP level 12. HP: 48/61 MP: 15/19
 18036 | IceCv    | Identified the +0 shortbow of Bero {heavy, rC- Str+7}
 18359 | Lair:1   | Identified the +1 scale mail "Sykkounk" {Harm *Corrode
                  | Regen+}
 19216 | Lair:1   | Found a runed translucent gate.
 19217 | Lair:1   | Noticed a nine-headed hydra
 19217 | Lair:1   | Noticed mrw3rdna's ghost (journeyman DsGl)
 19723 | Lair:2   | Noticed a skyshark
 19745 | Lair:2   | Killed a skyshark
 20277 | Lair:2   | Reached skill level 1 in Summonings
 20481 | Lair:2   | Found a hole to the Spider Nest.
 20942 | Lair:2   | Reached ***** piety under Hepliaklqana
 21182 | Lair:3   | Reached skill level 2 in Summonings
 21357 | Lair:3   | Noticed a boulder beetle
 21374 | Lair:3   | Killed a boulder beetle
 21375 | Lair:3   | Reached skill level 3 in Summonings
 21541 | Lair:3   | Noticed an eight-headed hydra
 21550 | Lair:3   | Killed an eight-headed hydra
 21551 | Lair:3   | Reached XP level 13. HP: 64/64 MP: 18/22
 21603 | Lair:3   | Reached skill level 4 in Summonings
 21783 | Lair:3   | Found an opulent altar of Gozag.
 22154 | Lair:3   | HP: 2/64 [blink frog (7)]
 22456 | Lair:3   | Reached skill level 5 in Summonings
 23016 | Lair:4   | Found a dark tunnel.
 23137 | Volcano  | Entered a volcano
 23656 | Lair:3   | Reached skill level 6 in Summonings
 23856 | Lair:3   | Learned a level 3 spell: Call Canine Familiar
 25360 | Lair:5   | Entered Level 5 of the Lair of Beasts
 25513 | Lair:5   | Noticed riellis1's ghost (journeyman DgGl)
 25596 | Lair:4   | Reached skill level 7 in Summonings
 26502 | Lair:5   | Gained mutation: Your body sometimes deteriorates upon
                  | taking damage. [mutagenic glow]
 26888 | Lair:4   | Reached skill level 8 in Summonings
 26888 | Lair:4   | Gained mutation: Your large and strong wings let you fly.
                  | [Gargoyle growth]
 26888 | Lair:4   | Reached XP level 14. HP: 42/70 MP: 17/27
 27366 | Lair:4   | Learned a level 4 spell: Summon Ice Beast
 27588 | Lair:4   | Reached skill level 10 in Spellcasting
 27882 | Lair:4   | Reached skill level 9 in Summonings
 28167 | Lair:5   | Noticed a dire elephant
 28375 | Lair:5   | Found a viscous altar of Jiyva.
 28382 | Lair:5   | Found a staircase to the Slime Pits.
 28525 | Lair:5   | Found a runed translucent gate.
 28526 | Lair:5   | Found a runed translucent gate.
 28534 | Lair:5   | Found a runed translucent gate.
 28551 | Lair:5   | Reached skill level 1 in Ice Magic
 28791 | Lair:5   | Found a burning altar of Makhleb.
 28791 | Lair:5   | Found a gateway to Hell.
 29376 | D:11     | Noticed Fannar
 29647 | D:11     | Killed Fannar
 30464 | D:11     | Identified the +7 spear "Paysies" {heavy, rElec}
 31246 | D:12     | You are sucked into a shaft and drop 3 floors!
 31246 | D:15     | Entered Level 15 of the Dungeon
 31348 | D:14     | Reached skill level 10 in Summonings
 31475 | D:14     | Reached skill level 5 in Ice Magic
 32490 | D:14     | Found Naceth's Magic Scroll Emporium.
 32496 | D:14     | Bought a scroll of teleportation for 45 gold pieces
 32496 | D:14     | Bought a scroll of teleportation for 45 gold pieces
 32535 | D:14     | Noticed Josephine
 32542 | D:14     | Killed Josephine
 33290 | D:13     | Noticed Maurice
 33301 | D:13     | Killed Maurice
 33564 | D:13     | Noticed an ironbound preserver
 33584 | D:13     | Killed an ironbound preserver
 33585 | D:13     | Reached skill level 5 in Armour
 33718 | D:13     | Reached XP level 15. HP: 72/73 MP: 25/29
 33848 | D:13     | Found a gate to the Vaults.
 34384 | D:13     | Noticed Jorgrun
 34412 | D:13     | Killed Jorgrun
 34440 | D:13     | Lost mutation: Your body sometimes deteriorates upon taking
                  | damage. [potion of mutation]
 34440 | D:13     | Lost mutation: You are covered in fur. (AC +1) [potion of
                  | mutation]
 34440 | D:13     | Gained mutation: You expend magic power (3 MP) to
                  | strengthen your wands. [potion of mutation]
 34440 | D:13     | Gained mutation: Your spells are a little harder to cast,
                  | but a little more powerful. [potion of mutation]
 34440 | D:13     | Gained mutation: Your natural rate of healing is unusually
                  | fast. [potion of mutation]
 34625 | D:13     | Noticed Sonja
 34629 | D:13     | Killed Sonja
 34958 | D:13     | Identified the +8 shortbow "Boibops" {heavy, Will- Int+4}
 36075 | D:12     | Found a bloodstained altar of Trog.
 37192 | D:15     | Found a staircase to the Depths.
 38195 | Orc:1    | Entered Level 1 of the Orcish Mines
 38562 | Orc:2    | Entered Level 2 of the Orcish Mines
 38577 | Orc:2    | Found a staircase to the Elven Halls.
 38591 | Orc:2    | Paralysed by an orc sorcerer for 3 turns
 39390 | Orc:2    | Found Bist's Antique Armour Shop.
 39486 | Orc:2    | Found Oleloawem's Magic Scroll Emporium.
 39518 | Orc:2    | Bought a scroll of teleportation for 45 gold pieces
 39518 | Orc:2    | Bought a scroll of blinking for 112 gold pieces
 39776 | Orc:2    | Noticed an orc warlord
 40333 | Orc:2    | Paralysed by an orc sorcerer for 3 turns
 40365 | Orc:2    | Found Xije's Antique Weapon Shoppe.
 40367 | Orc:2    | Found Tafyle Fetiss's Antique Armour Emporium.
 40430 | Orc:2    | Killed an orc warlord
 40463 | Orc:2    | Bought a steaming robe for 114 gold pieces
 40463 | Orc:2    | Identified the +2 robe of the Furrier {rF- rN+++ Will-
                  | Int+8} (You bought it in a shop on level 2 of the Orcish
                  | Mines)
 40525 | Orc:2    | Bought a shiny buckler for 315 gold pieces
 40525 | Orc:2    | Bought a glowing helmet for 315 gold pieces
 40602 | Orc:2    | Bought a scroll of summoning for 142 gold pieces
 40787 | Spider:1 | Entered Level 1 of the Spider Nest
 41021 | Spider:1 | Reached skill level 10 in Armour
 41237 | Spider:1 | Reached XP level 16. HP: 78/78 MP: 23/30
 41306 | Spider:1 | Reached skill level 10 in Dodging
 42261 | Spider:1 | Reached skill level 11 in Summonings
 42928 | Spider:1 | Identified the +6 hand axe of Grontol {flame, *Rage Fragile
                  | Will+++ Str+2}
 43522 | Spider:1 | Reached ****** piety under Hepliaklqana
 43853 | Spider:1 | Reached skill level 12 in Summonings
 45111 | Spider:2 | Reached skill level 13 in Summonings
 46203 | Spider:3 | Reached skill level 14 in Summonings
 46437 | Spider:3 | Learned a level 7 spell: Summon Hydra
 46972 | Spider:3 | Reached XP level 17. HP: 79/82 MP: 26/31
 47382 | Spider:4 | Entered Level 4 of the Spider Nest
 48267 | Spider:3 | Mangled by a broodmother

Illustrated notes

Levels and vault maps discovered:
D:1:      beargit_arrival_greenhouse, layout_basic
D:2:      minmay_inner_zag, layout_basic, serial_shops, shop,
          serial_co_window_serial, co_window_paths_a,
          co_window_of_opportunity_a, co_window_corner_a, co_window_paths_a,
          co_window_paths_a, co_window_broadway_a, co_window_broadway_b,
          co_window_2corner, co_window_unsneaky_path_a, co_window_corner_cb,
          co_window_corner_b, co_window_paths_c, glass_columns_a,
          glass_columns_a, minmay_heptomino_d4
D:3:      layout_basic, minmay_misc_feat_room, reono_crystal_passage
D:4:      layout_cave_pods, mainiacjoe_overflow_catwalk, serial_bayou_ford_a
D:5:      layout_cave_pools, kiku_gazebo_garden_becter, enter_ossuary_5,
          ebering_dispersal_statue_hall, hangedman_glass_teeth
D:6:      layout_basic, temple_green, serial_shops, kennysheep_little_box, shop,
          shop
D:7:      layout_cave_pools, nicolae_tso_carved_into_rock, minitemple,
          enter_bailey_7
D:8:      layout_cave_pods
D:9:      layout_rooms, mainiacjoe_overflow_surrounded_room, lair_entry_dummy,
          minivault_25, minivault_22
D:10:     layout_stronghold, orc_0_dummy, gammafunk_ghost_split, uniq_maggie
D:11:     layout_loops_corners, uniq_fannar
D:12:     layout_roguey, kennysheep_pointless_box, tgw_trog
D:13:     layout_roguey, skrybe_vaults_entry_preservation,
          hangedman_cracks_in_the_wall, uniq_jorgrun, uniq_sonja, uniq_maurice
D:14:     layout_basic, serial_shops, nicolae_shop_rolling_square,
          nicolae_two_hexagons, uniq_josephine
D:15:     hangedman_depths_entry_civil_slaughter, layout_cave_pods
Lair:1:   layout_regular_city, portal_ice_cave_demonic_guard,
          gammafunk_ghost_hydra_chop, grunt_megastairs_3,
          infiniplex_staircase_pool
Lair:2:   layout_gridlike, nicolae_shoals_entry_flooding, spider_nest_entry_a
Lair:3:   layout_long_grid, basic_altar, wad_woods_02,
          infiniplex_staircase_pool_2, grunt_megastairs_1
Lair:4:   layout_cave_pods, enter_volcano_2
Lair:5:   evil_forest, layout_small_grid, minmay_slime_entry_oklob_open,
          gammafunk_ghost_split
Spider:1: layout_chambers, drop_trap
Spider:2: layout_spider_delve, drop_trap
Spider:3: layout_spider_delve
Spider:4: spider_rune_water, uniq_donald
Orc:1:    layout_caves, mines_bat_river
Orc:2:    grunt_orc_community_town_hall, layout_diamond_mine,
          grunt_orc_community_big_house_1, grunt_orc_community_big_house_2,
          grunt_orc_community_house_3, grunt_orc_community_house_2,
          grunt_orc_community_house_3, grunt_orc_community_house_1,
          grunt_orc_community_house_3

Skill      XL: |  1  2  3  4  5  6  7  8  9 10 11 12 13 14 15 16 |
---------------+-------------------------------------------------+-----
Earth Magic    | 4 5 6 7 8 |  8.0
Conjurations   | 2 4 7 8 |  8.0
Spellcasting   | 3 4 5 6 9 10 | 10.0
Transmutations | 2 4 5 |  5.0
Fighting       | 4 5 |  5.0
Short Blades   | 3 5 |  5.0
Stealth        | 3 5 |  5.0
Invocations    | 2 6 8 |  8.0
Armour         | 1 5 10 | 10.0
Evocations     | 2 5 8 |  8.0
Dodging        | 2 5 6 7 9 10 | 10.0
Shields        | 6 |  6.0
Summonings     | 3 8 10 14 | 14.9
Ice Magic      | 5 |  5.0

Action                     |  1- 3 |  4- 6 |  7- 9 | 10-12 | 13-15 | 16-18 || total
---------------------------+-------+-------+-------+-------+-------+-------++-------
  Melee: Dagger            |       |     7 |   188 |   579 |  1298 |   573 ||  2645
         Punch             |       |       |     2 |       |       |       ||     2
   Cast: Sandblast         |    47 |    30 |       |       |       |       ||    77
         Stone Arrow       |       |     9 |   137 |    47 |   123 |       ||   316
         Petrify           |       |       |     2 |   163 |   258 |   166 ||   589
         Passwall          |       |       |       |     1 |       |       ||     1
         Call Canine Famil |       |       |       |       |    15 |     8 ||    23
         Summon Ice Beast  |       |       |       |       |    14 |    11 ||    25
 Invoke: Ancestor Life: Kn |       |       |     1 |       |       |       ||     1
         Recall Ancestor   |       |       |       |     5 |    18 |     8 ||    31
         Idealise          |       |       |       |     2 |     5 |     2 ||     9
         Transference      |       |       |       |       |     1 |     1 ||     2
Ability: Evoke Blink       |       |       |       |       |     1 |       ||     1
  Evoke: Wand              |       |       |     2 |       |     2 |       ||     4
    Use: Scroll            |       |    11 |    11 |     8 |    16 |     6 ||    52
         Potion            |       |       |     3 |     1 |     8 |     1 ||    13
   Stab: Petrified         |       |       |     2 |   122 |   191 |   157 ||   472
         Petrifying        |       |       |       |    29 |    52 |    37 ||   118
         Sleeping          |       |       |       |     2 |    14 |     1 ||    17
         Distracted        |       |       |       |       |     7 |     1 ||     8
 Armour: Robe              |     1 |     2 |    92 |   230 |    34 |       ||   359
         Leather armour    |       |       |       |       |   618 |   356 ||   974
         Troll leather arm |       |       |       |       |    81 |       ||    81
  Dodge: Dodged            |     4 |     6 |   111 |   254 |   907 |   458 ||  1740
  Block: Buckler           |       |       |       |   102 |   439 |   189 ||   730
